 Dungeon Crawl Stone Soup version 0.31-a0-675-g238779eb0a (webtiles) character file.

Game seed: 17916794890366397527

86 qw the Shooter (level 4, -2/28 HPs)
             Began as a Gargoyle Hunter on Sept 5, 2023.
             Slain by a gnoll
             ... wielding a +0 club
              (4 damage)
             ... on level 3 of the Dungeon.
             The game lasted 00:00:35 (1032 turns).

qw the Shooter (Gargoyle Hunter)                    Turns: 1032, Time: 00:00:36

Health: -2/28      AC:  8    Str: 15    XL:     4   Next: 49%
Magic:  4/4        EV: 11    Int:  9    God:
Gold:   174        SH:  0    Dex: 15    Spells: 3/3 levels left

rFire   . . .        Y - +0 shortbow
rCold   . . .        (shield currently unavailable)
rNeg    + . .        f - +0 ring mail
rPois   inf          (no helmet)
rElec   +            (no cloak)
rCorr   .            (no gloves)
SInv    .            (no boots)
Will    .....        (no amulet)
Stlth   +            (no ring)
HPRegen 0.24/turn    (no ring)
MPRegen 0.09/turn

%: no passive effects
@: no status effects
A: sickness immunity, AC +3, negative energy resistance 1, electricity
resistance, torment resistance 1, petrification resistance
a: no special abilities


You were on level 3 of the Dungeon.
You visited 1 branch of the dungeon, and saw 3 of its levels.

You collected 174 gold pieces.


Innate Abilities, Weirdness & Mutations

You are immune to sickness and miasma.
Your stone body is resilient. (AC +3)
You are immune to poison.
You resist negative energy. (rN+)
You are resistant to electric shocks. (rElec)
You are resistant to unholy torment.
You are immune to petrification.


   Skills:
 - Level 3.2 Fighting
 + Level 5.2 Ranged Weapons
 - Level 1.0 Armour
 - Level 1.5 Dodging
 - Level 1.1 Stealth


You had 3 spell levels left.
You didn't know any spells.
Your spell library was empty.

Inventory:

Hand Weapons
 Y - a +0 shortbow (weapon)
Armour
 f - a +0 ring mail (worn)
Scrolls
 c - a scroll of identify {unknown}
Potions
 a - a potion of brilliance {unknown}
 b - a potion of lignification {unknown}
 e - a potion of berserk rage {unknown}
 g - a potion of curing {unknown}
 h - a potion of haste {unknown}

Dungeon Overview and Level Annotations

Branches:
Dungeon (3/15)

Altars:
Kikubaaqudgha


Message History

The gnoll is moderately wounded.
The gnoll barely misses you.
You shoot an arrow. The arrow barely misses the gnoll.
The gnoll hits you but does no damage.
You shoot an arrow.
The arrow hits the gnoll but does no damage.
The gnoll is lightly wounded.
The gnoll hits you from afar with a +0 spear.
1023 |||
Found retreat position at -1,0 (floor) with 0 blocking monsters and 2 monsters attacking at destination at distance 1
1023 ||| Stepping ~*~*~tactically~*~*~ (retreating).
You shoot an arrow. The arrow hits the gnoll!
The gnoll is severely wounded.
The gnoll barely misses you.
The gnoll hits you from afar with a +0 spear.
The gnoll hits you but does no damage.
1025 |||
Found retreat position at 1,0 (floor) with 0 blocking monsters and 2 monsters attacking at destination at distance 1
1025 ||| Stepping ~*~*~tactically~*~*~ (retreating).
The gnoll completely misses you. The gnoll misses you.
You shoot an arrow. The arrow hits the gnoll.
You kill the gnoll!
The gnoll barely misses you.
You shoot an arrow. The arrow hits the gnoll!
The gnoll is severely wounded.
The gnoll misses you. The gnoll hits you with a +0 spear.
You shoot an arrow. The arrow hits the gnoll.
The gnoll is almost dead.
The gnoll misses you. The gnoll hits you but does no damage.
You shoot an arrow. The arrow closely misses the gnoll.
The gnoll barely misses you. The gnoll hits you but does no damage.
The gnoll hits you with a +0 spear. The gnoll hits you with a +0 club.
You shoot an arrow. The arrow hits the gnoll.
You kill the gnoll!
The gnoll hits you with a +0 club.
You shoot an arrow.
The arrow hits the gnoll but does no damage.
The gnoll barely misses you.
You shoot an arrow. The arrow hits the gnoll.
The gnoll is moderately wounded.
The gnoll hits you with a +0 club. x2
You die...

.) #.## ..# ### #:#
..########.####
#........#....#####
########..........#
#####...##)#####
###..@g....#
######.#.... .# .
.. g. .S .


You could see a gnoll.

Vanquished Creatures
  2 gnolls (D:3)
  An adder (D:3)
  2 worms (D:2)
  2 dart slugs (D:1)
  5 ball pythons
  3 endoplasms
  2 giant cockroaches (D:1)
  5 goblins
  2 hobgoblins
  2 jackals (D:2)
  A quokka (D:2)
  4 bats
  3 frilled lizards
  3 kobolds
  13 rats
50 creatures vanquished.

Notes
Turn   | Place    | Note
-------+----------+-------------------------------------------
     0 | D:1      | qw the Gargoyle Hunter began the quest for the Orb.
     0 | D:1      | Reached XP level 1. HP: 12/12 MP: 1/1
     0 | D:1      | 0 ||| qw: Version: 0.3-a-75-g829b12e
     0 | D:1      | 0 ||| qw: Game counter: 96
     0 | D:1      | 0 ||| qw: Melee chars always use a shield: true
     0 | D:1      | 0 ||| qw: God list: Okawaru
     0 | D:1      | 0 ||| qw: Allow faded altars: false
     0 | D:1      | 0 ||| qw: Do Orc after clearing Dungeon:15 true
     0 | D:1      | 0 ||| qw: Do second Lair branch before Depths: true
     0 | D:1      | 0 ||| qw: Lair rune preference: random
     0 | D:1      | 0 ||| qw: Goals: Normal
     0 | D:1      | 0 ||| PLANNING D:1-11
    76 | D:1      | Reached XP level 2. HP: 17/17 MP: 2/2
   251 | D:1      | Found a faded altar of an unknown god.
   270 | D:1      | Reached XP level 3. HP: 21/21 MP: 3/3
   288 | D:1      | You fall into a shaft and drop 1 floor!
   297 | D:2      | Reached skill level 5 in Ranged Weapons
   418 | D:2      | Found an ancient bone altar of Kikubaaqudgha.
   489 | D:2      | 489 ||| UPGRADING to +0 ring mail.
   499 | D:2      | 499 ||| DROPPING +0 leather armour.
   500 | D:2      | 500 ||| READING scroll labelled ORHIEXTAOT.
   501 | D:2      | 501 ||| READING scroll labelled QOKHALAU JUFA.
   502 | D:2      | 502 ||| DROPPING scroll of butterflies.
   505 | D:2      | 505 ||| FLEEEEING.
   535 | D:2      | Reached skill level 1 in Armour
   921 | D:2      | 921 ||| READING scroll labelled CEAGGU IRGHIEMP.
   922 | D:2      | 922 ||| READING scroll labelled WEBRADULAE.
   925 | D:2      | 925 ||| READING scroll labelled VYLIXAGG UKLI.
   954 | D:3      | Reached XP level 4. HP: 27/27 MP: 4/4
   988 | D:3      | Reached skill level 3 in Fighting
  1014 | D:3      | 1014 ||| RETREATING.
  1018 | D:3      | 1018 ||| RETREATING.
  1023 | D:3      | 1023 ||| Stepping ~*~*~tactically~*~*~ (retreating).
  1025 | D:3      | 1025 ||| Stepping ~*~*~tactically~*~*~ (retreating).
  1030 | D:3      | HP: 3/28 [gnoll/+0 club (6)]
  1032 | D:3      | Slain by a gnoll

Levels and vault maps discovered:
D:1:      elethiomel_arrival_shortcut, layout_basic, basic_ecumenical_altar,
          minmay_rat_gold_closets
D:2:      layout_basic, basic_altar
D:3:      layout_rooms

Skill      XL: |  1  2  3  4 |
---------------+-------------+-----
Ranged Weapons | 5 |  5.2
Armour         | 1 |  1.0
Fighting       | 3 |  3.2
Dodging        | |  1.5
Stealth        | |  1.1

Action                     |  1- 3 |  4- 6 || total
---------------------------+-------+-------++-------
   Fire: Shortbow          |   117 |    21 ||   138
    Use: Scroll            |     5 |       ||     5
 Armour: Leather armour    |     4 |       ||     4
         Ring mail         |    29 |    21 ||    50
  Dodge: Dodged            |    32 |    13 ||    45

Table legend:
 A = Non-vault XP
 B = Vault XP
 C = Vault XP percentage of total XP
 D = Non-vault monster count
 E = Vault monster count
 F = Vault count percentage of total count
                 A         B        C        D         E       F
            +---------+---------+-------+---------+---------+-------
      Total |     115 |       8 |   6.5 |      42 |       8 |  16.0
            +---------+---------+-------+---------+---------+-------
        D:1 |      35 |       8 |  18.6 |      19 |       8 |  29.6
        D:2 |      35 |       0 |   0.0 |      18 |       0 |   0.0
        D:3 |      45 |       0 |   0.0 |       5 |       0 |   0.0
            +---------+---------+-------+---------+---------+-------
